 Dungeon Crawl Stone Soup version 0.30-a0-777-ga9a30cbeda (console) character file.

Game seed: 17671430356558642649

991 rlgrobin the Cleaver (level 8, -1/63 HPs)
             Began as a Meteoran Fighter on Feb 15, 2023.
             Was a Follower of Okawaru.
             Slain by Grum
             ... wielding a -2 glaive
              (24 damage)
             ... on level 7 of the Dungeon.
             The game lasted 00:06:59 (1367 turns).

rlgrobin the Cleaver (Meteoran Fighter)             Turns: 1367, Time: 00:06:59

Health: -1/63      AC: 13    Str: 17    XL:     8   Next: 69%
Magic:  8/11       EV:  9    Int:  9    God:    Okawaru [*.....]
Gold:   52         SH:  6    Dex: 17    Spells: 7/7 levels left

rFire   . . .      SeeInvis .    a - +0 war axe
rCold   + . .      Faith    .    c - +0 buckler
rNeg    . . .      Spirit   .    h - +0 chain mail
rPois   .          Reflect  .    i - +0 helmet
rElec   .          Harm     .    (no cloak)
rCorr   .          Rampage  .    (no gloves)
Will    +....                    (no boots) Stlth
                                 (no amulet)
HPRegen 0.30/turn                k - ring of protection from cold
MPRegen 0.12/turn                (no ring)

@: mighty, heroic, glowing
A: sense surroundings 1, otherworldly, glowing, explore regen
a: Renounce Religion, Heroism


You were on level 7 of the Dungeon.
You worshipped Okawaru.
Okawaru was aware of your devotion.
You visited 2 branches of the dungeon, and saw 9 of its levels.
You also visited: Ossuary.

You collected 52 gold pieces.

Inventory:

Hand Weapons
 a - a +0 war axe (weapon)
Armour
 c - a +0 buckler (worn)
 h - a +0 chain mail (worn)
 i - a +0 helmet (worn)
Jewellery
 k - a ring of protection from cold (left hand)
Wands
 j - a wand of charming (10)
 l - a wand of flame (8)
Scrolls
 d - a scroll of fear {unknown}
 o - 2 scrolls of amnesia
Potions
 e - a potion of might
 f - 4 potions of brilliance
 g - a potion of attraction {unknown}


   Skills:
 - Level 3.2(8.2) Fighting
 - Level 9.5(14.5) Axes
 + Level 6.3(11.3) Armour
 - Level 3.6(8.6) Shields
 + Level 3.0 Invocations


You had 7 spell levels left.
You didn't know any spells.
Your spell library contained the following spells:

 Spells                   Type           Power      Damage    Failure   Level
 Blade Hands              Tmut           0%         N/A       100%        5
 Iron Shot                Conj/Erth      0%         9d1       100%        6
 Animate Armour           Summ/Erth      Unusable   N/A       N/A         4

Dungeon Overview and Level Annotations

Branches:
Dungeon (8/15) Zot: 3684   Temple (1/1) D:7 Zot: 583 Ossuary (visited)
   Lair: D:8-11

Altars:
Ashenzari
Cheibriados
Dithmenos
Elyvilon
Fedhas
Hepliaklqana
Nemelex Xobeh
Okawaru
Qazlal
Ru
Sif Muna
Trog
Uskayaw
Vehumet
Wu Jian
Xom
Yredelemnul
Zin
The Shining One

Shops:
D:7 :

Annotations:
D:6 2 runed translucent doors
D:7 Grum


Innate Abilities, Weirdness & Mutations

You passively map a small area around you.
You are easily found by Zot.
You glow in the dark.
You regain HP and MP as you explore.


Message History

There is a stone staircase leading down here.
You climb downwards.
Grum growls angrily.
The wolf howls! x2; You hear a loud, deep croak!
You hear a shout!
There is a stone staircase leading up here.
The wolf bites you.
Grum stares intently and grunts.
You block Grum's attack.
You climb upwards.
There is a stone staircase leading down here.
You feel very mighty all of a sudden. The wolf bites you.
You block the wolf's attack. The wolf bites you but does no damage.
The wolf bites you! Grum hits you with a -2 glaive!
You gain the combat prowess of a mighty hero.
The wolf bites you but does no damage. You block the wolf's attack.
The wolf bites you but does no damage. The wolf bites you.
Grum hits you with a -2 glaive.
You are too injured to fight recklessly!
You are too injured to fight recklessly!
You are too injured to fight recklessly!
You are too injured to fight recklessly!
You closely miss the wolf. You slash Grum! You slash the wolf!
You block the wolf's attack. x2
You slash the wolf!
The wolf is severely wounded.
You slash the wolf! You closely miss Grum.
The wolf bites you but does no damage. The wolf closely misses you.
Grum hits you with a -2 glaive!
You slash the wolf!
You kill the wolf!
Okawaru accepts your kill.
You completely miss Grum. You closely miss the wolf.
You block the wolf's attack. Grum hits you but does no damage.
The wolf closely misses you.
Your Invocations skill increases to level 3!
You hit the wolf.
The wolf is almost dead.
You barely miss Grum. The wolf bites you. Grum hits you with a -2 glaive!!
You die...

#...[.....#.#.#.#.
#.........#.#.#.##
##<).......#...#.##
#...†..............
#.....##'#####.#.##
#.....##.......#'##
#.....#####.......#
#g.†..# #.......#
#.@h..# #.......#
#.....# #.......#
#.....# #.......#
#.....# #.....(.#
##+#### #.####### ,
#.# * #.# *


You could see Grum and a wolf.

Vanquished Creatures
  A black bear (D:7)
  A sky beast (D:6)
  A wolf (D:7)
  3 centaurs (D:7)
  2 elf zombies (Ossuary)
  A howler monkey (D:4)
  A gnoll bouda (D:7)
  3 human zombies (Ossuary)
  An orc priest (D:6)
  2 mummies (Ossuary)
  Robin (D:3)
  4 gnolls (D:7)
  2 adders
  2 adder zombies (Ossuary)
  4 orcs
  2 ball pythons (D:3)
  An endoplasm (D:1)
  14 goblins
  4 hobgoblins
  4 jackals (D:1)
  3 quokkas
  2 bats
  A goblin zombie (Ossuary)
  16 hobgoblin zombies
  A jackal zombie (Ossuary)
  2 kobolds (D:1)
  4 kobold zombies (Ossuary)
  7 orc zombies (Ossuary)
  A rat (D:1)
  2 rat zombies
93 creatures vanquished.

Vanquished Creatures (others)
  A plant (D:3)
  A withered plant (D:4)
2 creatures vanquished.

Grand Total: 95 creatures vanquished

Notes
Turn   | Place    | Note
-------+----------+-------------------------------------------
     0 | D:1      | rlgrobin the Meteoran Fighter began the quest for the Orb.
     0 | D:1      | Reached XP level 1. HP: 19/19 MP: 2/2
    99 | D:1      | Reached skill level 3 in Axes
    99 | D:1      | Reached XP level 2. HP: 25/26 MP: 3/3
   364 | D:1      | Reached XP level 3. HP: 27/31 MP: 4/4
   414 | D:3      | Reached skill level 4 in Axes
   479 | D:3      | Noticed Robin
   494 | D:3      | Killed Robin
   495 | D:3      | Reached XP level 4. HP: 13/38 MP: 5/5
   556 | D:3      | Reached skill level 5 in Axes
   626 | D:4      | Found a basalt altar of Yredelemnul.
   644 | D:4      | Reached XP level 5. HP: 45/45 MP: 6/6
   654 | D:4      | You fall into a shaft and drop 3 floors!
   667 | D:7      | Found Pasashe's Book Shoppe.
   684 | D:7      | Noticed a centaur
   693 | D:7      | Killed a centaur
   694 | D:7      | Reached skill level 6 in Axes
   694 | D:7      | Reached XP level 6. HP: 24/51 MP: 7/7
   726 | D:7      | Reached skill level 7 in Axes
   769 | D:7      | Noticed a centaur
   776 | D:7      | Killed a centaur
   777 | D:7      | Reached skill level 8 in Axes
   777 | D:7      | Reached XP level 7. HP: 24/57 MP: 8/8
   792 | D:7      | Found a staircase to the Ecumenical Temple.
   805 | Temple   | Entered the Ecumenical Temple
   817 | Temple   | Became a worshipper of Warmaster Okawaru
   867 | D:7      | Found a sand-covered staircase.
   877 | Ossuary  | Entered an ossuary
  1118 | Ossuary  | Reached skill level 9 in Axes
  1118 | Ossuary  | Reached XP level 8. HP: 36/63 MP: 9/9
  1203 | D:7      | Reached skill level 5 in Armour
  1205 | D:7      | Reached * piety under Okawaru
  1224 | D:6      | Reached skill level 1 in Invocations
  1231 | D:6      | Found a large runed translucent door.
  1234 | D:6      | Noticed a yak
  1234 | D:6      | Noticed a skeletal warrior
  1274 | D:5      | Entered Level 5 of the Dungeon
  1290 | D:5      | Found an ornate altar of the Wu Jian Council.
  1343 | D:6      | Found a large runed translucent door.
  1359 | D:8      | Noticed Grum
  1367 | D:7      | Slain by Grum

Illustrated notes

Levels and vault maps discovered:
D:1:      dpeg_arrival_oval, layout_loops_ring, roderic_serpentine_path,
          st_stairs_1
D:2:      layout_basic
D:3:      layout_loops_ring, shapermc_ecumenical_altar_rom_forum, uniq_robin
D:4:      layout_loops_cross, yredelemnul_altar_generic,
          nicolae_gozag_cash_rules_everything_around_me,
          kiku_gazebo_garden_becter
D:5:      wander_river, layout_basic, nicolae_overflow_hidden_temple,
          amcnicky_mini_corridor_feature
D:6:      layout_cave_pools, lemuel_coloured_pillars_altar,
          minmay_hollow_rounded_squares
D:7:      layout_basic, minmay_temple_entry_glass, enter_ossuary_3,
          serial_shops, shop
D:8:      layout_cave_pools, uniq_grum
Temple:   sentei_temple_godly_chess

Skill      XL: |  1  2  3  4  5  6  7  8 |
---------------+-------------------------+-----
Axes           | 3 4 5 6 8 9 |  9.5
Armour         | 4 6 |  6.3
Invocations    | 3 |  3.0
Fighting       | |  3.2
Shields        | |  3.6

Action                     |  1- 3 |  4- 6 |  7- 9 || total
---------------------------+-------+-------+-------++-------
  Melee: War axe           |    53 |    67 |   180 ||   300
 Invoke: Heroism           |       |       |     2 ||     2
    Use: Scroll            |       |     3 |     4 ||     7
         Potion            |       |     1 |     1 ||     2
 Armour: Scale mail        |    32 |    37 |    73 ||   142
         Chain mail        |       |       |     5 ||     5
  Dodge: Dodged            |    20 |    24 |    43 ||    87
  Block: Buckler           |    12 |    26 |    34 ||    72

Table legend: (Time is in decaauts)
 A = Elapsed time spent in this place.
 B = Non-inter-level travel time spent in this place.
 C = Inter-level travel time spent in this place.
 D = Time resting spent in this place.
 E = Time spent auto-exploring this place.
 F = Levels seen in this place.
 G = Mean time per level.
                   A        B        C        D        E       F      G
               +--------+--------+--------+--------+--------+-----+--------+
         Total |   1419 |   1406 |     13 |      0 |      0 |  10 |  141.9 |
       Dungeon |   1114 |   1101 |     13 |      0 |      0 |   8 |  139.2 |
        Temple |     16 |     16 |      0 |      0 |      0 |   1 |   16.0 |
       Ossuary |    287 |    287 |      0 |      0 |      0 |   1 |  287.0 |
               +--------+--------+--------+--------+--------+-----+--------+

Top non-repeatable levels by time:
     D:1: 379 daAuts
     D:7: 292 daAuts
 Ossuary: 287 daAuts
     D:3: 236 daAuts
     D:6: 125 daAuts
     D:4: 35 daAuts
     D:2: 32 daAuts
  Temple: 16 daAuts
     D:5: 11 daAuts
     D:8: 1 daAuts
